 Dungeon Crawl Stone Soup version 0.32-a0-685-g93135e86f0 (webtiles) character file.

Game seed: 16471674947750692142

24 Griffin23 the Covered (level 2, -1/27 HPs)
             Began as a Minotaur Fighter on Mar 12, 2024.
             Slain by a ribbon worm (5 damage)
             ... on level 2 of the Dungeon.
             The game lasted 00:01:22 (485 turns).

Griffin23 the Covered (Minotaur Fighter)             Turns: 485, Time: 00:01:23

Health: -1/27      AC:  7    Str: 20    XL:     2   Next: 79%
Magic:  1/1        EV:  9    Int:  5    God:
Gold:   35         SH:  4    Dex:  9    Spells: 1/1 levels left

rFire   . . .        a - +0 long sword
rCold   . . .        c - +0 buckler
rNeg    . . .        b - +0 scale mail
rPois   .            (helmet restricted)
rElec   .            (no cloak)
rCorr   .            (no gloves)
SInv    .            (no boots)
Will    .....        (no amulet) Stlth
                     (no ring)
HPRegen 0.24/turn    (no ring)
MPRegen 0.07/turn

%: no passive effects
@: no status effects
A: horns 2, retaliatory headbutt
a: no special abilities


You were on level 2 of the Dungeon.
You visited 1 branch of the dungeon, and saw 2 of its levels.

You collected 35 gold pieces.

Inventory:

Hand Weapons
 a - a +0 long sword (weapon)
Armour
 b - a +0 scale mail (worn)
 c - a +0 buckler (worn)
Scrolls
 e - a scroll of poison {unknown}
 f - a scroll of vulnerability {unknown}
 h - a scroll of teleportation {unknown}
 j - a scroll of revelation {unknown}
Potions
 d - a potion of might
 g - 2 potions of heal wounds {unknown}
 i - a potion of curing {unknown}


   Skills:
 + Level 4.0 Fighting
 + Level 2.9 Long Blades
 + Level 4.1 Armour
 + Level 3.8 Shields


You had one spell level left.
You didn't know any spells.
Your spell library contained the following spells:

 Spells                   Type           Power      Damage    Failure   Level
 Slow                     Hex            0%         N/A       88%         1
 Confusing Touch          Hex            0%         N/A       99%         3
 Vampiric Draining        Necr           0%         2d6       99%         3


Dungeon Overview and Level Annotations

Branches:
Dungeon (2/15)

Altars:

Shops:
D:1 ((?

Annotations:
D:2 Natasha


Innate Abilities, Weirdness & Mutations

You have a pair of horns on your head.
You reflexively headbutt those who attack you in melee.


Message History

A ribbon worm comes into view.
The goblin hits you but does no damage.
You closely miss the goblin. The goblin hits you but does no damage.
A kobold comes into view. It is wielding a +0 short sword.
The kobold shouts!
You hit the goblin.
You kill the goblin!
You hear an angry hiss.
You slash the goblin!
You kill the goblin!
The dart slug launches a dart at you. The slug dart hits you.
A rat comes into view.
Natasha, Servant of Life and Death comes into view.
Items here: )) ††.
The ribbon worm barely misses you.
You closely miss the kobold. You block the kobold's attack.
The kobold hits you with a +0 short sword.
The ribbon worm bites you.
You hit the kobold but do no damage. You block the kobold's attack.
The dart slug launches a dart at you. The slug dart misses you.
The ribbon worm barely misses you.
You hit the kobold.
You kill the kobold!
You block Natasha's attack. The dart slug bites you.
The ribbon worm bites you but does no damage.
You completely miss Natasha. Natasha casts a spell at you.
The magic dart hits you!
* * * LOW HITPOINT WARNING * * *
The ribbon worm bites you.
* * * LOW HITPOINT WARNING * * *
The dart slug bites you but does no damage.
The ribbon worm attacks as it pursues you!
You block the ribbon worm's attack.
Items here: )) ††.
Natasha casts a spell.
The ribbon worm attacks as it pursues you!
The ribbon worm bites you.
You die...

.# # .## )# .(##.##
....... .#.....
##.......
#.#########.w......
#.......)@whr......
########.###5......
#.# <...... #.#
....... #.# .......
#.# ....... #.#
#.#.#.. #.# ...##.
#.#


You could see a ribbon worm, Natasha, a cerulean imp (summoned), a dart slug and
a rat.

Vanquished Creatures
  2 dart slugs (D:1)
  2 bats (D:1)
  3 endoplasms
  A giant cockroach (D:1)
  3 goblins
  A hobgoblin (D:1)
  A quokka (D:1)
  2 ball pythons (D:1)
  A frilled lizard (D:1)
  3 kobolds
  A rat (D:1)
20 creatures vanquished.

Notes
Turn   | Place    | Note
-------+----------+-------------------------------------------
     0 | D:1      | Griffin23 the Minotaur Fighter began the quest for the Orb.
     0 | D:1      | Reached XP level 1. HP: 19/19 MP: 0/0
   169 | D:1      | Found Wasoph's Magic Scroll Emporium.
   228 | D:1      | Reached XP level 2. HP: 25/26 MP: 1/1
   360 | D:1      | Found Siuhiq's Weapon Boutique.
   446 | D:1      | Found Gyryifal's Antique Weapon Emporium.
   453 | D:1      | You fall into a shaft and drop 1 floor!
   478 | D:2      | Noticed Natasha
   485 | D:2      | Slain by a ribbon worm

Illustrated notes

Levels and vault maps discovered:
D:1:      heliophobic_arrival_enchanted_forest, layout_loops_ring, serial_shops,
          nicolae_shop_tiny_glass, nicolae_shop_real_fake_doors, shop
D:2:      cheibrodos_pilgrimage, layout_rooms, uniq_jessica,
          uniq_crazy_yiuf_cottage, uniq_natasha

Skill      XL: |  1  2 |
---------------+-------+-----
Armour         | 4 |  4.1
Fighting       | 4 |  4.0
Long Blades    | |  2.9
Shields        | |  3.8

Action                     || total
---------------------------++-------
  Melee: Long sword        ||    41
         Headbutt          ||     3
 Armour: Scale mail        ||    29
  Dodge: Dodged            ||    16
  Block: Buckler           ||    14

Table legend: (Time is in decaauts)
 A = Elapsed time spent in this place.
 B = Non-inter-level travel time spent in this place.
 C = Inter-level travel time spent in this place.
 D = Time resting spent in this place.
 E = Time spent auto-exploring this place.
 F = Levels seen in this place.
 G = Mean time per level.
                   A        B        C        D        E       F      G
               +--------+--------+--------+--------+--------+-----+--------+
         Total |    497 |    497 |      0 |      0 |    374 |   2 |  248.5 |
       Dungeon |    497 |    497 |      0 |      0 |    374 |   2 |  248.5 |
               +--------+--------+--------+--------+--------+-----+--------+

Top non-repeatable levels by time:
     D:1: 462 daAuts
     D:2: 34 daAuts
